 Dungeon Crawl Stone Soup version 0.17-a0-1741-gd5e8965 (webtiles) character file.

65 TuckyLangle the Cudgeler (level 4, -13/23 HPs)
             Began as a Vine Stalker Fighter on Aug 31, 2015.
             Killed from afar by Ijyb (16 damage)
             ... with a wand of lightning
             ... on level 3 of the Dungeon.
             The game lasted 00:03:42 (1312 turns).

TuckyLangle the Cudgeler (Vine Stalker Fighter)     Turns: 1312, Time: 00:03:42

Health: -13/23     AC:  8    Str: 18    XL:     4   Next: 13%
Magic:  0/5        EV:  7    Int:  8    God:
Gold:   204        SH:  9    Dex: 15    Spells: 0 memorised, 3 levels left

rFire  . . .     SeeInvis .     a - +1 flail
rCold  . . .     Clarity  .     b - +2 scale mail
rNeg   . . .     SustAt   .     c - +0 shield
rPois  .         Gourm    .     (no helmet)
rElec  .         Spirit   +     (no cloak)
rCorr  .         Warding  .     (no gloves)
rMut   .         Stasis   .     (no boots)
MR     .....                    (no amulet)
Stlth  ..........               (no ring)
                                (no ring)

@: not resistant to hostile enchantments, extremely unstealthy
A: fangs 2, regeneration 1, magic shield, antimagic bite, no device heal 3, rot
immunity
a: no special abilities


You were on level 3 of the Dungeon.
You were hungry.

You visited 1 branch of the dungeon, and saw 3 of its levels.

You collected 204 gold pieces.

Inventory:

Hand weapons
 a - a +1 flail (weapon)
 i - a +1 dagger of electrocution
Armour
 b - a +2 scale mail (worn)
 c - a +0 shield (worn)
Jewellery
 g - an uncursed ring of see invisible {unknown}
 n - an uncursed amulet of the gourmand {unknown}
Scrolls
 f - a scroll of amnesia {unknown}
 h - 3 scrolls of teleportation
 l - a scroll of identify
Potions
 d - a potion of might
 p - 2 potions of heal wounds
 r - 2 potions of poison
Comestibles
 e - 2 bread rations
 j - 3 slices of pizza
 k - a meat ration
 o - a beef jerky


   Skills:
 - Level 2.6 Fighting
 + Level 3.9 Maces & Flails
 - Level 2.4 Armour
 - Level 2.6 Shields


You had 3 spell levels left.
You didn't know any spells.

Dungeon Overview and Level Annotations

Branches:
Dungeon (3/15)

Altars:

Annotations:
D:3 Ijyb


Innate Abilities, Weirdness & Mutations

You have extremely sharp teeth.
Your natural rate of healing is unusually fast.
When hurt, damage is shared between your health and your magic reserves.
Your bite disrupts and absorbs the magic of your enemies.
Potions and wands cannot restore your health.
You are immune to rotting.


Message History

The hobgoblin is almost dead.
The hobgoblin hits you with a club.
You hit the hobgoblin.
You kill the hobgoblin!
Ijyb screams, "I no like you!"
You miss the kobold. Your bite misses the kobold.
The kobold hits you but does no damage.
The kobold throws a stone.
You block the stone.
Ijyb zaps a wand.
The bolt of lightning hits the kobold.
The kobold dies!
The bolt of lightning hits you!
Ouch! That really hurt!
* * * LOW HITPOINT WARNING * * *
It is a wand of lightning.
A giant newt comes into view.
You are feeling hungry.
The kobold throws a stone.
You block the stone.
You see here a stone.
Ijyb zaps a wand.
The bolt of lightning hits you!
Ouch! That really hurt!
You die...

..#.###.# #.#
........ #.# #
#l###.# # ##<# #.
#.#)#.#.# #.....#
...#.###g#.###.###.#
......gK..##..# .#
..?#/###.#.##<.###.#
........(..##......#
.....##.@####.#...###
.....................
#..>#########.#...##
## #.# ## #.# #.# #.#
##.## #...#


You could see Ijyb, a goblin and a kobold.

Vanquished Creatures
  2 adders (D:2)
  An ooze (D:2)
  A worm (D:2)
  2 giant geckos (D:2)
  8 bats
  2 giant cockroaches
  5 hobgoblins
  5 kobolds
  3 giant newts
  3 goblins
  4 rats
36 creatures vanquished.

Vanquished Creatures (others)
  A kobold (D:3)
1 creature vanquished.

Grand Total: 37 creatures vanquished

Notes
Turn   | Place    | Note
--------------------------------------------------------------
     0 | D:1      | TuckyLangle the Vine Stalker Fighter began the quest for the Orb.
     0 | D:1      | Reached XP level 1. HP: 11/11 MP: 2/2
   114 | D:1      | Reached XP level 2. HP: 16/16 MP: 3/3
   645 | D:2      | Reached skill level 3 in Maces & Flails
   708 | D:2      | Reached XP level 3. HP: 16/19 MP: 4/4
   938 | D:2      | Reached XP level 4. HP: 23/23 MP: 5/5
  1305 | D:3      | Noticed Ijyb
  1312 | D:3      | Killed from afar by Ijyb

Vault maps used:
D:1:      onia_arrival_pyramid, kennysheep_decorative_pillar
D:2:      first_bread, minmay_misc_feat_diagonals, minmay_misc_feat_more_columns
D:3:      zin_statuary, minmay_surrounded, uniq_jessica, uniq_iyjb

Action                   |  1- 3 |  4- 6 || total
-------------------------+-------+-------++-------
Melee: Flail             |    97 |    19 ||   116
  Use: Scroll            |       |     8 ||     8
  Eat: Chunk             |       |     1 ||     1
